2300 views
Uploaded 2022-04-26 19:06:50
Game version 1.32.10
120:11 long 3on3 ladder game on (6)Monsoon_LV
Saved by Cabeelibob
2300 views
Uploaded 2022-04-26 19:06:50
Game version 1.32.10
120:11 long 3on3 ladder game on (6)Monsoon_LV


263 units @ 34.8k
/ 5.4k
160 buildings @ 24.4k
/ 13.7k
⇛
Consider
(2)
(73:10) : 


| Healing Salve | 3 | 300 |
| Lesser Clarity Potion | 5 | 350 |
| Potion of Healing | 6 | 900 |
| Orb of Lightning | 3 | 1125 |
| Scroll of Speed | 1 | 50 |
| Potion of Mana | 2 | 400 |
| Scroll of Town Portal | 2 | 700 |
| total: | 22 | 3825g |
| Peon | 47 | 3525 | / | 0 |
| Grunt | 7 | 1400 | / | 0 |
| Troll Headhunter | 1 | 140 | / | 20 |
| Tauren | 4 | 1120 | / | 320 |
| Demolisher | 8 | 1760 | / | 400 |
| Spirit Walker | 2 | 390 | / | 70 |
| total: | 69 | 8335g | / | 810w |
| Watch Tower | 72 | 7920 | / | 5760 |
| Altar of Storms | 1 | 180 | / | 50 |
| Orc Burrow | 8 | 1280 | / | 320 |
| War Mill | 1 | 205 | / | 0 |
| Barracks | 1 | 180 | / | 50 |
| Voodoo Lounge | 1 | 130 | / | 30 |
| Great Hall | 6 | 2310 | / | 1110 |
| Tauren Totem | 2 | 270 | / | 310 |
| Stronghold | 1 | 315 | / | 190 |
| Fortress | 1 | 325 | / | 190 |
| total: | 92 | 12475g | / | 7630w |
| 0:02 | Peon |
| 0:02 | Peon |
| 0:05 | Altar of Storms |
| 0:11 | Orc Burrow |
| 0:14 | Peon |
| 0:35 | Peon |
| 0:37 | Peon |
| 0:56 | War Mill |
| 0:59 | Peon |
| 1:03 | Peon |
| 1:21 | Barracks |
| 1:40 | Orc Burrow |
| 1:43 | Peon |
| 2:11 | Wind Walk |
| 2:37 | Grunt |
| 2:41 | Stronghold |
| 3:05 | Voodoo Lounge |
| 3:06 | Steel Melee Weapons |
| 3:22 | Grunt |
| 3:38 | Grunt |
| 3:51 | Orc Burrow |
| 4:07 | Critical Strike |
| 4:14 | Healing Salve |
| 4:18 | Lesser Clarity Potion |
| 4:24 | Troll Headhunter |
| 4:29 | Grunt |
| 4:48 | Grunt |
| 5:21 | Grunt |
| 5:28 | Berserker Strength |
| 5:46 | Great Hall |
| 5:51 | Wind Walk |
| 6:23 | Fortress |
| 7:17 | Tauren Totem |
| 7:20 | Tauren Totem |
| 7:23 | Grunt |
| 7:38 | Breath of Fire |
| 8:53 | Tauren |
| 8:56 | Thorium Melee Weapons |
| 9:13 | Peon |
| 9:14 | Peon |
| 9:14 | Peon |
| 9:14 | Peon |
| 9:33 | Orc Burrow |
| 9:36 | Orc Burrow |
| 10:06 | Drunken Brawler |
| 10:22 | Spirit Walker Adept Training |
| 10:27 | Peon |
| 10:27 | Peon |
| 10:27 | Peon |
| 10:28 | Peon |
| 10:28 | Peon |
| 11:04 | Critical Strike |
| 11:11 | Arcanite Melee Weapons |
| 11:14 | Tauren |
| 11:54 | Tauren |
| 12:19 | Pulverize |
| 12:24 | Peon |
| 12:24 | Peon |
| 12:24 | Peon |
| 12:24 | Peon |
| 12:36 | Pillage |
| 13:53 | Great Hall |
| 13:56 | Steel Armor |
| 13:57 | Spirit Walker Master Training |
| 14:01 | Orc Burrow |
| 14:03 | Orc Burrow |
| 14:06 | Orc Burrow |
| 14:38 | Great Hall |
| 14:53 | Burning Oil |
| 14:53 | Demolisher |
| 14:56 | Breath of Fire |
| 15:03 | Peon |
| 15:03 | Peon |
| 15:03 | Peon |
| 15:03 | Peon |
| 15:04 | Peon |
| 15:19 | Spirit Walker |
| 15:21 | Tauren |
| 15:22 | Spirit Walker |
| 15:51 | Peon |
| 15:52 | Peon |
| 16:42 | Thorium Armor |
| 16:48 | Watch Tower |
| 16:51 | Watch Tower |
| 16:54 | Watch Tower |
| 16:57 | Watch Tower |
| 16:59 | Watch Tower |
| 17:00 | Watch Tower |
| 17:02 | Watch Tower |
| 17:11 | Peon |
| 17:11 | Peon |
| 17:11 | Peon |
| 17:11 | Peon |
| 17:18 | Watch Tower |
| 17:32 | Peon |
| 17:32 | Peon |
| 17:32 | Peon |
| 18:01 | Watch Tower |
| 18:04 | Watch Tower |
| 18:29 | Watch Tower |
| 18:33 | Watch Tower |
| 18:47 | Watch Tower |
| 18:51 | Peon |
| 18:51 | Peon |
| 18:51 | Peon |
| 18:59 | Watch Tower |
| 19:43 | Watch Tower |
| 19:45 | Watch Tower |
| 19:52 | Watch Tower |
| 19:55 | Watch Tower |
| 21:12 | Watch Tower |
| 23:02 | Wind Walk |
| 23:20 | Great Hall |
| 23:23 | Great Hall |
| 23:41 | Watch Tower |
| 23:42 | Watch Tower |
| 23:44 | Watch Tower |
| 23:45 | Watch Tower |
| 25:07 | Watch Tower |
| 26:03 | Peon |
| 26:03 | Peon |
| 26:03 | Peon |
| 26:03 | Peon |
| 26:06 | Watch Tower |
| 26:07 | Watch Tower |
| 26:10 | Watch Tower |
| 26:12 | Watch Tower |
| 26:44 | Watch Tower |
| 26:46 | Watch Tower |
| 26:54 | Watch Tower |
| 26:57 | Watch Tower |
| 26:59 | Watch Tower |
| 28:04 | Arcanite Armor |
| 29:34 | Hex |
| 30:13 | Reinforced Defenses |
| 31:37 | Potion of Healing |
| 31:40 | Orb of Lightning |
| 31:43 | Potion of Healing |
| 32:02 | Healing Salve |
| 32:14 | Scroll of Town Portal |
| 32:25 | Drunken Brawler |
| 33:49 | Watch Tower |
| 33:51 | Watch Tower |
| 33:54 | Watch Tower |
| 33:54 | Watch Tower |
| 33:54 | Watch Tower |
| 33:56 | Watch Tower |
| 33:57 | Watch Tower |
| 34:42 | Spiked Barricades |
| 35:28 | Watch Tower |
| 35:29 | Watch Tower |
| 35:29 | Watch Tower |
| 35:44 | Improved Spiked Barricades |
| 36:06 | Great Hall |
| 36:08 | Watch Tower |
| 36:10 | Watch Tower |
| 36:11 | Watch Tower |
| 36:13 | Watch Tower |
| 36:15 | Healing Wave |
| 36:22 | Watch Tower |
| 36:23 | Watch Tower |
| 36:24 | Watch Tower |
| 36:25 | Watch Tower |
| 36:26 | Watch Tower |
| 36:27 | Watch Tower |
| 36:29 | Watch Tower |
| 36:30 | Watch Tower |
| 36:31 | Watch Tower |
| 36:32 | Watch Tower |
| 36:35 | Watch Tower |
| 40:18 | Peon |
| 40:19 | Peon |
| 40:19 | Peon |
| 40:19 | Peon |
| 40:27 | Peon |
| 41:33 | Watch Tower |
| 41:33 | Watch Tower |
| 41:36 | Watch Tower |
| 41:36 | Watch Tower |
| 41:37 | Watch Tower |
| 41:38 | Watch Tower |
| 41:41 | Watch Tower |
| 41:42 | Watch Tower |
| 41:42 | Watch Tower |
| 44:18 | Watch Tower |
| 44:20 | Watch Tower |
| 44:23 | Watch Tower |
| 51:52 | Bladestorm |
| 52:22 | Potion of Healing |
| 52:27 | Orb of Lightning |
| 52:28 | Potion of Healing |
| 52:29 | Lesser Clarity Potion |
| 52:29 | Healing Salve |
| 52:30 | Scroll of Speed |
| 61:07 | Watch Tower |
| 61:08 | Watch Tower |
| 61:28 | Potion of Healing |
| 61:47 | Potion of Healing |
| 61:48 | Scroll of Town Portal |
| 69:13 | Lesser Clarity Potion |
| 69:22 | Lesser Clarity Potion |
| 70:44 | Demolisher |
| 70:44 | Demolisher |
| 70:44 | Demolisher |
| 70:44 | Demolisher |
| 70:45 | Demolisher |
| 70:46 | Demolisher |
| 70:46 | Demolisher |
| 71:01 | Lesser Clarity Potion |
| 71:03 | Potion of Mana |
| 71:07 | Potion of Mana |
| 71:16 | Orb of Lightning |
| Right click | 3934 |
| Select | 849 |
| Select group | 329 |
| Build/train/purchase | 289 |
| Minimap ping | 171 |
| Assign group | 107 |
| Use ability | 86 |
| Resource trade | 26 |
| Item give/drop | 15 |
| Remove unit | 15 |
| Misc. action | 12 |
| Chat | 5 |



| Staff of Preservation | 1 | 150 |
| Anti-magic Potion | 2 | 200 |
| Scroll of Town Portal | 2 | 700 |
| Dust of Appearance | 2 | 150 |
| Potion of Invisibility | 1 | 100 |
| Boots of Speed | 1 | 250 |
| total: | 9 | 1550g |
| Wisp | 45 | 2700 | / | 0 |
| Archer | 7 | 910 | / | 70 |
| Hippogryph | 12 | 1920 | / | 240 |
| Mountain Giant | 5 | 1750 | / | 500 |
| Glaive Thrower | 3 | 630 | / | 195 |
| Dryad | 2 | 290 | / | 120 |
| Druid of the Claw | 1 | 255 | / | 80 |
| Chimaera | 6 | 1980 | / | 420 |
| total: | 81 | 10435g | / | 1625w |
| Ancient Protector | 13 | 1755 | / | 1040 |
| Moon Well | 8 | 1440 | / | 320 |
| Ancient of War | 3 | 450 | / | 180 |
| Altar of Elders | 1 | 180 | / | 50 |
| Tree of Life | 2 | 680 | / | 370 |
| Hunter's Hall | 1 | 210 | / | 100 |
| Ancient of Wonders | 2 | 180 | / | 60 |
| Ancient of Wind | 3 | 450 | / | 420 |
| Ancient of Lore | 3 | 465 | / | 435 |
| Chimaera Roost | 3 | 420 | / | 570 |
| Tree of Ages | 1 | 320 | / | 180 |
| Tree of Eternity | 1 | 330 | / | 200 |
| total: | 39 | 6230g | / | 3545w |
| 0:08 | Wisp |
| 0:08 | Wisp |
| 0:08 | Wisp |
| 0:08 | Wisp |
| 0:30 | Moon Well |
| 0:32 | Moon Well |
| 0:50 | Wisp |
| 0:51 | Wisp |
| 0:51 | Wisp |
| 0:51 | Wisp |
| 0:51 | Wisp |
| 0:51 | Wisp |
| 1:33 | Ancient of War |
| 1:38 | Ancient of War |
| 1:53 | Altar of Elders |
| 1:56 | Wisp |
| 1:57 | Wisp |
| 1:57 | Wisp |
| 1:57 | Wisp |
| 1:57 | Wisp |
| 2:24 | Moon Well |
| 2:44 | Archer |
| 2:53 | Archer |
| 3:07 | Archer |
| 3:28 | Archer |
| 3:32 | Archer |
| 3:35 | Summon Bear |
| 4:05 | Tree of Ages |
| 4:35 | Summon Quilbeast |
| 4:44 | Tree of Life |
| 4:56 | Moon Well |
| 5:15 | Hunter's Hall |
| 5:58 | Summon Bear |
| 6:14 | Ancient of Wonders |
| 7:23 | Ancient of Wind |
| 7:23 | Ancient of Wind |
| 7:25 | Wisp |
| 7:25 | Wisp |
| 7:25 | Wisp |
| 7:26 | Wisp |
| 7:35 | Archer |
| 7:36 | Improved Bows |
| 7:46 | Cluster Rockets |
| 8:38 | Hippogryph |
| 8:38 | Hippogryph |
| 8:38 | Hippogryph |
| 8:38 | Hippogryph |
| 8:38 | Hippogryph |
| 8:38 | Hippogryph |
| 8:54 | Strength of the Wild |
| 8:54 | Reinforced Hides |
| 9:05 | Wisp |
| 9:27 | Wisp |
| 9:27 | Wisp |
| 9:31 | Moon Well |
| 10:13 | Improved Strength of the Wild |
| 10:30 | Archer |
| 11:11 | Hippogryph |
| 11:16 | Summon Quilbeast |
| 11:22 | Pocket Factory |
| 11:30 | Wisp |
| 11:30 | Wisp |
| 11:31 | Wisp |
| 11:47 | Moon Well |
| 11:48 | Improved Reinforced Hides |
| 11:49 | Strength of the Moon |
| 12:41 | Ancient of Wind |
| 13:09 | Cluster Rockets |
| 13:30 | Ancient of Lore |
| 13:36 | Ancient of Lore |
| 13:42 | Ancient of Lore |
| 13:44 | Wisp |
| 13:44 | Wisp |
| 13:44 | Wisp |
| 13:44 | Wisp |
| 13:44 | Wisp |
| 13:44 | Wisp |
| 13:44 | Wisp |
| 13:44 | Wisp |
| 13:44 | Wisp |
| 14:28 | Ancient Protector |
| 14:31 | Ancient Protector |
| 15:16 | Scroll of Town Portal |
| 15:21 | Dust of Appearance |
| 15:25 | Wisp |
| 16:59 | Mountain Giant |
| 17:01 | Tree of Eternity |
| 17:09 | Moon Well |
| 17:12 | Moon Well |
| 18:16 | Ancient Protector |
| 18:18 | Ancient Protector |
| 18:23 | Nature's Blessing |
| 18:31 | Mountain Giant |
| 18:49 | Dust of Appearance |
| 19:26 | Hardened Skin |
| 19:56 | Resistant Skin |
| 20:22 | Ancient Protector |
| 21:36 | Mountain Giant |
| 21:55 | Wisp |
| 21:55 | Wisp |
| 21:55 | Wisp |
| 21:56 | Wisp |
| 21:56 | Wisp |
| 22:37 | Glaive Thrower |
| 22:49 | Ancient of War |
| 22:59 | Staff of Preservation |
| 23:13 | Wisp |
| 23:14 | Wisp |
| 23:27 | Glaive Thrower |
| 23:57 | Vorpal Blades |
| 24:23 | Glaive Thrower |
| 25:50 | Ancient Protector |
| 26:02 | Ancient Protector |
| 27:06 | Ancient Protector |
| 27:08 | Ancient Protector |
| 27:23 | Scroll of Town Portal |
| 27:36 | Improved Strength of the Moon |
| 27:37 | Advanced Strength of the Wild |
| 27:52 | Mountain Giant |
| 30:20 | Summon Bear |
| 30:32 | Mountain Giant |
| 35:34 | Abolish Magic |
| 35:40 | Dryad |
| 35:41 | Dryad |
| 35:56 | Well Spring |
| 36:05 | Anti-magic Potion |
| 37:54 | Ancient Protector |
| 38:14 | Tree of Life |
| 38:36 | Ancient Protector |
| 38:38 | Ancient Protector |
| 38:41 | Ancient Protector |
| 39:23 | Wisp |
| 39:24 | Wisp |
| 39:24 | Wisp |
| 39:33 | Ancient of Wonders |
| 41:47 | Chimaera Roost |
| 41:48 | Chimaera Roost |
| 42:56 | Chimaera Roost |
| 43:25 | Druid of the Claw Adept Training |
| 43:28 | Druid of the Claw |
| 43:31 | Corrosive Breath |
| 43:57 | Chimaera |
| 43:57 | Chimaera |
| 44:11 | Potion of Invisibility |
| 44:13 | Boots of Speed |
| 44:36 | Chimaera |
| 45:11 | Hippogryph |
| 45:45 | Hippogryph |
| 45:49 | Hippogryph |
| 45:49 | Hippogryph |
| 45:49 | Hippogryph |
| 48:21 | Chimaera |
| 51:15 | Chimaera |
| 51:16 | Chimaera |
| 71:26 | Anti-magic Potion |
| 72:43 | Silence |
| Right click | 1653 |
| Select group | 1073 |
| Select | 760 |
| Misc. action | 317 |
| Build/train/purchase | 185 |
| Use ability | 57 |
| Assign group | 54 |
| Minimap ping | 5 |
| Item give/drop | 3 |



| Healing Salve | 3 | 300 |
| Scroll of Speed | 4 | 200 |
| Lesser Clarity Potion | 8 | 560 |
| Potion of Mana | 1 | 200 |
| Orb of Lightning | 2 | 750 |
| Scroll of Town Portal | 3 | 1050 |
| total: | 21 | 3060g |
| Peon | 19 | 1425 | / | 0 |
| Troll Headhunter | 15 | 2100 | / | 300 |
| Troll Witch Doctor | 26 | 3770 | / | 650 |
| Troll Batrider | 29 | 4640 | / | 1160 |
| Raider | 16 | 2880 | / | 640 |
| Kodo Beast | 1 | 255 | / | 60 |
| Troll Berserker | 3 | 420 | / | 60 |
| Shaman | 4 | 520 | / | 80 |
| total: | 113 | 16010g | / | 2950w |
| Watch Tower | 1 | 110 | / | 80 |
| Altar of Storms | 1 | 180 | / | 50 |
| Orc Burrow | 6 | 960 | / | 240 |
| War Mill | 1 | 205 | / | 0 |
| Barracks | 1 | 180 | / | 50 |
| Voodoo Lounge | 6 | 780 | / | 180 |
| Great Hall | 6 | 2310 | / | 1110 |
| Spirit Lodge | 1 | 150 | / | 150 |
| Beastiary | 4 | 580 | / | 560 |
| Stronghold | 3 | 945 | / | 570 |
| Fortress | 2 | 650 | / | 380 |
| Ancient Protector | 1 | 135 | / | 80 |
| Ancient of Wonders | 1 | 90 | / | 30 |
| total: | 29 | 5680g | / | 2530w |
| 0:02 | Peon |
| 0:02 | Peon |
| 0:05 | Altar of Storms |
| 0:13 | Orc Burrow |
| 0:27 | Peon |
| 0:36 | War Mill |
| 0:53 | Barracks |
| 1:00 | Peon |
| 1:08 | Peon |
| 1:21 | Peon |
| 1:41 | Orc Burrow |
| 1:44 | Peon |
| 1:54 | Troll Headhunter |
| 2:06 | Shockwave |
| 2:08 | Voodoo Lounge |
| 2:21 | Troll Headhunter |
| 2:21 | Troll Headhunter |
| 2:38 | Troll Headhunter |
| 2:49 | Troll Headhunter |
| 3:20 | Stronghold |
| 3:34 | Endurance Aura |
| 3:59 | Great Hall |
| 4:06 | Troll Headhunter |
| 4:25 | Healing Salve |
| 4:31 | Scroll of Speed |
| 4:45 | Troll Headhunter |
| 4:45 | Troll Headhunter |
| 5:06 | Troll Headhunter |
| 5:16 | Lesser Clarity Potion |
| 5:16 | Healing Salve |
| 5:42 | Potion of Mana |
| 5:46 | Spirit Lodge |
| 5:49 | Steel Ranged Weapons |
| 5:53 | Peon |
| 6:01 | Peon |
| 6:01 | Peon |
| 6:51 | Peon |
| 6:51 | Peon |
| 6:51 | Peon |
| 6:53 | Peon |
| 6:58 | Beastiary |
| 7:06 | Scroll of Town Portal |
| 7:08 | Scroll of Speed |
| 7:26 | Voodoo Lounge |
| 7:29 | Troll Headhunter |
| 7:36 | Troll Witch Doctor |
| 8:04 | Shockwave |
| 8:12 | Shockwave |
| 8:15 | Troll Headhunter |
| 8:16 | Witch Doctor Adept Training |
| 8:17 | Troll Batrider |
| 8:36 | Fortress |
| 8:36 | Troll Witch Doctor |
| 8:39 | Orc Burrow |
| 9:07 | Raider |
| 9:07 | Ensnare |
| 9:08 | Troll Witch Doctor |
| 9:09 | Troll Headhunter |
| 9:29 | Voodoo Lounge |
| 10:17 | Raider |
| 10:17 | Troll Witch Doctor |
| 10:18 | Troll Headhunter |
| 10:18 | Troll Headhunter |
| 10:43 | Lesser Clarity Potion |
| 11:00 | War Drums Damage Increase |
| 11:01 | Troll Witch Doctor |
| 11:02 | Witch Doctor Master Training |
| 11:03 | Troll Headhunter |
| 11:25 | Peon |
| 11:25 | Peon |
| 11:40 | Troll Batrider |
| 11:41 | Orc Burrow |
| 12:40 | Berserker Upgrade |
| 12:41 | Troll Witch Doctor |
| 12:42 | Raider |
| 12:44 | Orc Burrow |
| 12:50 | Lesser Clarity Potion |
| 12:52 | Healing Salve |
| 12:58 | Scroll of Town Portal |
| 13:04 | Orb of Lightning |
| 13:44 | Raider |
| 13:46 | Orc Burrow |
| 13:47 | Troll Witch Doctor |
| 13:47 | Shaman Adept Training |
| 13:48 | Peon |
| 13:48 | Peon |
| 13:56 | Pillage |
| 14:18 | Hex |
| 14:42 | Troll Witch Doctor |
| 14:44 | Troll Batrider |
| 15:13 | Beastiary |
| 18:39 | Stronghold |
| 18:49 | Great Hall |
| 18:54 | Troll Batrider |
| 18:54 | Troll Batrider |
| 18:55 | Troll Batrider |
| 19:38 | Troll Batrider |
| 19:39 | Troll Batrider |
| 20:23 | Troll Batrider |
| 20:51 | Troll Batrider |
| 21:13 | Great Hall |
| 21:33 | Beastiary |
| 21:48 | Beastiary |
| 22:00 | Endurance Aura |
| 22:02 | Healing Wave |
| 24:48 | Troll Batrider |
| 24:48 | Troll Batrider |
| 25:12 | Great Hall |
| 25:20 | Troll Batrider |
| 26:09 | Troll Batrider |
| 26:45 | Troll Batrider |
| 28:04 | Troll Batrider |
| 28:07 | Troll Batrider |
| 28:14 | Peon |
| 29:04 | Troll Batrider |
| 29:35 | Troll Batrider |
| 29:36 | Troll Batrider |
| 30:19 | Healing Wave |
| 30:30 | Stronghold |
| 31:13 | Great Hall |
| 32:01 | Troll Batrider |
| 32:06 | Shockwave |
| 32:16 | Troll Batrider |
| 32:37 | Great Hall |
| 34:54 | Kodo Beast |
| 34:55 | Troll Berserker |
| 34:56 | Troll Witch Doctor |
| 34:57 | Fortress |
| 35:46 | Troll Berserker |
| 39:42 | Raider |
| 41:57 | Raider |
| 44:11 | Voodoo Lounge |
| 45:13 | Thorium Ranged Weapons |
| 45:16 | Steel Armor |
| 45:19 | Voodoo Lounge |
| 48:24 | Watch Tower |
| 48:27 | Hex |
| 50:41 | Shaman Master Training |
| 50:41 | Troll Witch Doctor |
| 50:46 | Thorium Armor |
| 50:46 | Arcanite Ranged Weapons |
| 50:51 | Troll Regeneration |
| 51:12 | Voodoo Lounge |
| 51:58 | Lesser Clarity Potion |
| 52:04 | Troll Witch Doctor |
| 52:48 | Lesser Clarity Potion |
| 52:50 | Scroll of Town Portal |
| 56:23 | Orb of Lightning |
| 56:25 | Scroll of Speed |
| 59:03 | Troll Witch Doctor |
| 59:04 | Troll Witch Doctor |
| 59:21 | Troll Batrider |
| 59:52 | Troll Batrider |
| 59:53 | Troll Witch Doctor |
| 60:50 | Troll Batrider |
| 60:57 | Troll Witch Doctor |
| 60:57 | Troll Witch Doctor |
| 62:31 | Troll Batrider |
| 62:32 | Troll Witch Doctor |
| 64:42 | Lesser Clarity Potion |
| 67:12 | Shaman |
| 67:14 | Raider |
| 67:14 | Arcanite Armor |
| 67:15 | Reinforced Defenses |
| 68:02 | Lesser Clarity Potion |
| 69:01 | Lesser Clarity Potion |
| 70:27 | Raider |
| 72:43 | Shaman |
| 75:53 | Troll Batrider |
| 76:22 | Raider |
| 78:31 | Reincarnation |
| 80:07 | Troll Witch Doctor |
| 80:42 | Shaman |
| 84:15 | Scroll of Speed |
| 85:56 | Troll Witch Doctor |
| 85:56 | Troll Witch Doctor |
| 94:34 | Ancient of Wonders |
| 94:54 | Envenomed Spears |
| 94:56 | Raider |
| 96:13 | Ancient Protector |
| 96:27 | Raider |
| 96:38 | Hex |
| 97:31 | Troll Witch Doctor |
| 97:41 | Raider |
| 98:10 | Hex |
| 104:05 | Raider |
| 106:10 | Troll Berserker |
| 106:11 | Troll Witch Doctor |
| 106:12 | Shaman |
| 106:24 | Troll Witch Doctor |
| 106:24 | Troll Witch Doctor |
| 108:22 | Troll Witch Doctor |
| 108:23 | Raider |
| 110:41 | Stampede |
| 111:52 | Raider |
| 114:30 | Raider |
| 116:53 | Troll Batrider |
| 116:53 | Troll Batrider |
| 118:52 | Troll Witch Doctor |
| Right click | 11119 |
| Select group | 10270 |
| Select | 2985 |
| Use ability | 1110 |
| Misc. action | 567 |
| Build/train/purchase | 309 |
| Minimap ping | 194 |
| Assign group | 132 |
| Esc | 10 |
| Item give/drop | 4 |
| Remove unit | 1 |
120 units @ 11.7k
/ 2k
145 buildings @ 11.5k
/ 5.9k


| Staff of Sanctuary | 4 | 1000 |
| Orb of Lightning | 4 | 1500 |
| total: | 8 | 2500g |
| Peasant | 20 | 1500 | / | 0 |
| Mortar Team | 11 | 1980 | / | 770 |
| Flying Machine | 32 | 3200 | / | 960 |
| total: | 63 | 6680g | / | 1730w |
| Scout Tower | 32 | 960 | / | 640 |
| Arcane Tower | 3 | 210 | / | 150 |
| Guard Tower | 11 | 770 | / | 550 |
| Altar of Kings | 2 | 360 | / | 100 |
| Farm | 15 | 1200 | / | 300 |
| Lumber Mill | 2 | 240 | / | 0 |
| Town Hall | 1 | 385 | / | 205 |
| Blacksmith | 1 | 140 | / | 60 |
| Arcane Vault | 1 | 130 | / | 30 |
| Workshop | 4 | 560 | / | 560 |
| Gryphon Aviary | 1 | 140 | / | 150 |
| Keep | 1 | 320 | / | 210 |
| Castle | 1 | 360 | / | 210 |
| total: | 59 | 4115g | / | 2045w |
| 0:02 | Peasant |
| 0:05 | Altar of Kings |
| 0:07 | Peasant |
| 0:16 | Peasant |
| 0:18 | Farm |
| 0:19 | Peasant |
| 0:33 | Lumber Mill |
| 0:34 | Peasant |
| 0:48 | Peasant |
| 0:54 | Farm |
| 1:05 | Scout Tower |
| 1:13 | Peasant |
| 1:32 | Peasant |
| 1:35 | Improved Lumber Harvesting |
| 1:37 | Arcane Tower |
| 1:39 | Farm |
| 1:43 | Peasant |
| 2:06 | Storm Bolt |
| 2:16 | Peasant |
| 2:24 | Peasant |
| 2:39 | Peasant |
| 2:41 | Scout Tower |
| 3:12 | Scout Tower |
| 3:13 | Guard Tower |
| 3:14 | Peasant |
| 3:14 | Peasant |
| 3:30 | Town Hall |
| 3:36 | Scout Tower |
| 3:39 | Scout Tower |
| 3:39 | Scout Tower |
| 3:49 | Guard Tower |
| 3:53 | Peasant |
| 3:53 | Peasant |
| 4:05 | Arcane Tower |
| 4:19 | Scout Tower |
| 4:21 | Scout Tower |
| 4:25 | Improved Masonry |
| 4:44 | Peasant |
| 4:50 | Scout Tower |
| 4:59 | Guard Tower |
| 5:04 | Guard Tower |
| 5:07 | Scout Tower |
| 5:30 | Keep |
| 5:35 | Peasant |
| 5:37 | Guard Tower |
| 5:46 | Bash |
| 5:49 | Scout Tower |
| 5:50 | Scout Tower |
| 5:50 | Scout Tower |
| 5:53 | Scout Tower |
| 5:54 | Scout Tower |
| 5:54 | Scout Tower |
| 5:55 | Scout Tower |
| 6:47 | Guard Tower |
| 6:49 | Scout Tower |
| 6:50 | Scout Tower |
| 6:53 | Peasant |
| 6:53 | Peasant |
| 7:23 | Guard Tower |
| 7:26 | Scout Tower |
| 7:29 | Scout Tower |
| 7:30 | Scout Tower |
| 8:22 | Castle |
| 8:23 | Blacksmith |
| 8:28 | Scout Tower |
| 8:29 | Scout Tower |
| 8:32 | Guard Tower |
| 8:49 | Advanced Lumber Harvesting |
| 8:49 | Advanced Masonry |
| 9:03 | Scout Tower |
| 9:03 | Scout Tower |
| 9:04 | Scout Tower |
| 9:10 | Guard Tower |
| 9:22 | Black Gunpowder |
| 9:24 | Workshop |
| 9:25 | Workshop |
| 9:47 | Bash |
| 9:59 | Scout Tower |
| 10:01 | Scout Tower |
| 10:02 | Scout Tower |
| 10:03 | Scout Tower |
| 10:04 | Scout Tower |
| 10:11 | Arcane Tower |
| 10:51 | Refined Gunpowder |
| 10:53 | Guard Tower |
| 10:57 | Workshop |
| 10:59 | Workshop |
| 11:01 | Farm |
| 11:02 | Farm |
| 11:03 | Farm |
| 11:25 | Imbued Masonry |
| 11:40 | Fragmentation Shards |
| 11:40 | Flying Machine Bombs |
| 11:43 | Farm |
| 11:47 | Farm |
| 11:47 | Farm |
| 11:49 | Guard Tower |
| 11:50 | Iron Plating |
| 12:03 | Flak Cannons |
| 12:03 | Flare |
| 12:37 | Holy Light |
| 12:53 | Farm |
| 12:53 | Farm |
| 13:08 | Imbued Gunpowder |
| 13:10 | Steel Plating |
| 13:15 | Mortar Team |
| 13:42 | Holy Light |
| 13:56 | Flying Machine |
| 13:56 | Flying Machine |
| 13:57 | Flying Machine |
| 13:57 | Flying Machine |
| 13:57 | Flying Machine |
| 13:57 | Flying Machine |
| 13:57 | Flying Machine |
| 14:40 | Flying Machine |
| 14:40 | Flying Machine |
| 15:26 | Flying Machine |
| 15:26 | Flying Machine |
| 15:28 | Farm |
| 15:30 | Farm |
| 15:32 | Farm |
| 15:34 | Farm |
| 16:21 | Orb of Lightning |
| 16:34 | Mithril Plating |
| 16:45 | Flying Machine |
| 16:45 | Flying Machine |
| 17:30 | Arcane Vault |
| 17:36 | Lumber Mill |
| 17:44 | Mortar Team |
| 22:26 | Flying Machine |
| 22:26 | Flying Machine |
| 22:27 | Flying Machine |
| 22:27 | Flying Machine |
| 22:27 | Flying Machine |
| 22:44 | Storm Bolt |
| 22:45 | Storm Bolt |
| 25:47 | Gryphon Aviary |
| 27:34 | Divine Shield |
| 29:37 | Mortar Team |
| 32:27 | Mortar Team |
| 34:40 | Holy Light |
| 34:42 | Bash |
| 36:51 | Orb of Lightning |
| 40:56 | Bash |
| 40:57 | Holy Light |
| 46:15 | Orb of Lightning |
| 46:46 | Studded Leather Armor |
| 48:06 | Altar of Kings |
| 48:16 | Flying Machine |
| 48:16 | Flying Machine |
| 48:16 | Flying Machine |
| 48:16 | Flying Machine |
| 48:30 | Flying Machine |
| 48:30 | Flying Machine |
| 48:30 | Flying Machine |
| 48:30 | Flying Machine |
| 48:31 | Flying Machine |
| 48:58 | Flying Machine |
| 48:58 | Flying Machine |
| 55:29 | Reinforced Leather Armor |
| 55:54 | Mortar Team |
| 57:19 | Flying Machine |
| 57:19 | Flying Machine |
| 57:19 | Flying Machine |
| 60:57 | Storm Bolt |
| 62:15 | Staff of Sanctuary |
| 63:38 | Divine Shield |
| 66:37 | Storm Bolt |
| 66:38 | Divine Shield |
| 70:42 | Staff of Sanctuary |
| 76:17 | Avatar |
| 77:17 | Holy Light |
| 78:27 | Mortar Team |
| 80:25 | Orb of Lightning |
| 80:29 | Staff of Sanctuary |
| 91:42 | Staff of Sanctuary |
| 94:41 | Mortar Team |
| 95:07 | Avatar |
| 100:53 | Mortar Team |
| 100:54 | Mortar Team |
| 106:18 | Resurrection |
| 113:18 | Resurrection |
| 115:27 | Mortar Team |
| 115:29 | Mortar Team |
| Right click | 7367 |
| Select group | 2373 |
| Select | 821 |
| Use ability | 470 |
| Misc. action | 359 |
| Build/train/purchase | 254 |
| Minimap ping | 39 |
| Assign group | 23 |
| Esc | 11 |
| Item give/drop | 4 |
| Resource trade | 4 |
| Remove unit | 2 |
Cabeelibob
(194)
(120:10) : 
| Peasant | 24 | 1800 | / | 0 |
| total: | 24 | 1800g | / | 0w |
| Scout Tower | 54 | 1620 | / | 1080 |
| Arcane Tower | 16 | 1120 | / | 800 |
| Guard Tower | 13 | 910 | / | 650 |
| Altar of Kings | 2 | 360 | / | 100 |
| Farm | 4 | 320 | / | 80 |
| Lumber Mill | 2 | 240 | / | 0 |
| Blacksmith | 1 | 140 | / | 60 |
| Arcane Vault | 1 | 130 | / | 30 |
| Town Hall | 6 | 2310 | / | 1230 |
| Cannon Tower | 6 | 720 | / | 600 |
| Gryphon Aviary | 1 | 140 | / | 150 |
| Workshop | 1 | 140 | / | 140 |
| Arcane Sanctum | 1 | 150 | / | 140 |
| Keep | 1 | 320 | / | 210 |
| Castle | 1 | 360 | / | 210 |
| total: | 73 | 5550g | / | 3010w |
| 0:05 | Altar of Kings |
| 0:07 | Farm |
| 0:08 | Peasant |
| 0:15 | Peasant |
| 0:24 | Peasant |
| 0:30 | Peasant |
| 0:46 | Farm |
| 0:52 | Peasant |
| 0:58 | Lumber Mill |
| 1:00 | Peasant |
| 1:13 | Peasant |
| 1:26 | Scout Tower |
| 1:29 | Peasant |
| 1:40 | Peasant |
| 1:53 | Arcane Tower |
| 1:58 | Improved Masonry |
| 1:59 | Improved Lumber Harvesting |
| 2:01 | Scout Tower |
| 2:03 | Scout Tower |
| 2:04 | Scout Tower |
| 2:09 | Storm Bolt |
| 2:16 | Peasant |
| 2:24 | Peasant |
| 2:51 | Guard Tower |
| 2:53 | Peasant |
| 3:00 | Guard Tower |
| 3:06 | Farm |
| 3:19 | Scout Tower |
| 3:20 | Scout Tower |
| 3:20 | Scout Tower |
| 3:24 | Peasant |
| 3:24 | Peasant |
| 3:24 | Peasant |
| 3:46 | Guard Tower |
| 3:54 | Guard Tower |
| 3:57 | Scout Tower |
| 3:58 | Scout Tower |
| 3:59 | Scout Tower |
| 4:05 | Scout Tower |
| 4:25 | Keep |
| 4:31 | Arcane Tower |
| 4:33 | Scout Tower |
| 4:36 | Scout Tower |
| 4:39 | Scout Tower |
| 4:54 | Guard Tower |
| 4:56 | Arcane Tower |
| 4:59 | Scout Tower |
| 5:13 | Arcane Tower |
| 5:15 | Scout Tower |
| 5:18 | Guard Tower |
| 5:21 | Scout Tower |
| 5:26 | Guard Tower |
| 5:30 | Scout Tower |
| 5:40 | Scout Tower |
| 5:43 | Scout Tower |
| 5:43 | Scout Tower |
| 5:49 | Guard Tower |
| 6:08 | Arcane Tower |
| 6:16 | Scout Tower |
| 6:19 | Guard Tower |
| 6:32 | Scout Tower |
| 6:45 | Advanced Masonry |
| 6:46 | Advanced Lumber Harvesting |
| 7:05 | Gryphon Aviary |
| 7:14 | Blacksmith |
| 7:25 | Castle |
| 7:34 | Guard Tower |
| 7:41 | Guard Tower |
| 7:47 | Guard Tower |
| 8:18 | Scout Tower |
| 8:30 | Workshop |
| 8:35 | Scout Tower |
| 8:48 | Scout Tower |
| 8:52 | Guard Tower |
| 9:19 | Scout Tower |
| 9:24 | Scout Tower |
| 9:28 | Scout Tower |
| 9:46 | Imbued Masonry |
| 9:53 | Scout Tower |
| 9:54 | Arcane Tower |
| 10:11 | Fragmentation Shards |
| 10:21 | Arcane Tower |
| 10:23 | Cannon Tower |
| 10:26 | Scout Tower |
| 10:34 | Cannon Tower |
| 10:40 | Scout Tower |
| 10:44 | Scout Tower |
| 11:01 | Scout Tower |
| 11:04 | Cannon Tower |
| 11:27 | Arcane Vault |
| 11:33 | Arcane Sanctum |
| 11:51 | Cannon Tower |
| 11:58 | Altar of Kings |
| 12:37 | Farm |
| 13:09 | Town Hall |
| 13:13 | Town Hall |
| 13:52 | Magic Sentry |
| 14:16 | Town Hall |
| 18:49 | Peasant |
| 18:49 | Peasant |
| 18:49 | Peasant |
| 18:50 | Peasant |
| 18:51 | Peasant |
| 26:44 | Town Hall |
| 30:30 | Town Hall |
| 30:34 | Town Hall |
| 32:11 | Scout Tower |
| 32:13 | Scout Tower |
| 32:14 | Scout Tower |
| 32:17 | Scout Tower |
| 32:19 | Scout Tower |
| 32:22 | Scout Tower |
| 32:23 | Scout Tower |
| 32:28 | Scout Tower |
| 32:48 | Arcane Tower |
| 33:00 | Scout Tower |
| 33:03 | Scout Tower |
| 33:07 | Arcane Tower |
| 33:14 | Arcane Tower |
| 33:28 | Scout Tower |
| 33:32 | Scout Tower |
| 33:39 | Arcane Tower |
| 33:40 | Arcane Tower |
| 33:41 | Arcane Tower |
| 33:55 | Peasant |
| 33:55 | Peasant |
| 33:55 | Peasant |
| 33:55 | Peasant |
| 34:05 | Scout Tower |
| 34:07 | Arcane Tower |
| 34:10 | Cannon Tower |
| 34:18 | Scout Tower |
| 34:25 | Scout Tower |
| 34:30 | Scout Tower |
| 34:31 | Scout Tower |
| 34:31 | Scout Tower |
| 34:32 | Scout Tower |
| 34:37 | Arcane Tower |
| 34:42 | Lumber Mill |
| 36:04 | Cannon Tower |
| 36:06 | Arcane Tower |
| 37:06 | Scout Tower |
| Right click | 4388 |
| Select group | 1276 |
| Select | 719 |
| Misc. action | 471 |
| Build/train/purchase | 103 |
| Use ability | 56 |
| Assign group | 47 |
| Resource trade | 27 |
| Chat | 26 |
| Minimap ping | 18 |
| Remove unit | 9 |
GIGA
(207)
(120:09) : 
x2)
| Healing Salve | 3 | 300 |
| Lesser Clarity Potion | 17 | 1190 |
| Scroll of Speed | 1 | 50 |
| Orb of Lightning | 1 | 375 |
| Tiny Great Hall | 3 | 1800 |
| Potion of Mana | 3 | 600 |
| Boots of Speed | 5 | 1250 |
| Staff of Teleportation | 1 | 150 |
| Tome of Retraining | 2 | 600 |
| Mechanical Critter | 2 | 100 |
| total: | 38 | 6415g |
| Peon | 23 | 1725 | / | 0 |
| Kodo Beast | 1 | 255 | / | 60 |
| Troll Witch Doctor | 6 | 870 | / | 150 |
| Shaman | 3 | 390 | / | 60 |
| total: | 33 | 3240g | / | 270w |
| Watch Tower | 5 | 550 | / | 400 |
| Altar of Storms | 1 | 180 | / | 50 |
| Orc Burrow | 3 | 480 | / | 120 |
| War Mill | 1 | 205 | / | 0 |
| Voodoo Lounge | 1 | 130 | / | 30 |
| Spirit Lodge | 1 | 150 | / | 150 |
| Beastiary | 1 | 145 | / | 140 |
| Stronghold | 1 | 315 | / | 190 |
| Fortress | 1 | 325 | / | 190 |
| total: | 13 | 1840g | / | 890w |
| 0:04 | Peon |
| 0:04 | Peon |
| 0:12 | Altar of Storms |
| 0:16 | Orc Burrow |
| 0:31 | Peon |
| 0:36 | Peon |
| 0:38 | Peon |
| 0:58 | Peon |
| 1:13 | War Mill |
| 1:19 | Voodoo Lounge |
| 1:26 | Peon |
| 1:46 | Orc Burrow |
| 1:52 | Peon |
| 2:15 | Wind Walk |
| 3:06 | Peon |
| 3:06 | Peon |
| 3:06 | Peon |
| 3:12 | Watch Tower |
| 3:36 | Healing Salve |
| 3:37 | Lesser Clarity Potion |
| 3:37 | Scroll of Speed |
| 3:54 | Stronghold |
| 6:54 | Fortress |
| 6:57 | Spirit Lodge |
| 7:00 | Beastiary |
| 7:03 | Critical Strike |
| 7:06 | Lesser Clarity Potion |
| 7:06 | Healing Salve |
| 7:25 | Watch Tower |
| 7:27 | Watch Tower |
| 9:11 | Witch Doctor Adept Training |
| 9:14 | Kodo Beast |
| 9:17 | Orc Burrow |
| 9:21 | Peon |
| 9:21 | Peon |
| 9:27 | Orb of Lightning |
| 9:28 | Tiny Great Hall |
| 9:31 | Healing Salve |
| 9:36 | Lesser Clarity Potion |
| 9:39 | Potion of Mana |
| 9:47 | War Drums Damage Increase |
| 11:01 | Boots of Speed |
| 11:02 | Staff of Teleportation |
| 11:25 | Witch Doctor Master Training |
| 11:26 | Troll Witch Doctor |
| 11:26 | Troll Witch Doctor |
| 11:26 | Troll Witch Doctor |
| 11:40 | Lesser Clarity Potion |
| 13:18 | Troll Witch Doctor |
| 14:57 | Wind Walk |
| 15:43 | Watch Tower |
| 15:44 | Watch Tower |
| 15:48 | Reinforced Defenses |
| 19:25 | Lesser Clarity Potion |
| 19:32 | Tiny Great Hall |
| 20:34 | Peon |
| 20:34 | Peon |
| 20:34 | Peon |
| 20:34 | Peon |
| 20:35 | Peon |
| 21:27 | Critical Strike |
| 22:26 | Lesser Clarity Potion |
| 22:34 | Potion of Mana |
| 22:37 | Lesser Clarity Potion |
| 22:40 | Lesser Clarity Potion |
| 23:28 | Peon |
| 23:28 | Peon |
| 23:28 | Peon |
| 23:28 | Peon |
| 23:29 | Peon |
| 26:01 | Potion of Mana |
| 26:04 | Lesser Clarity Potion |
| 26:06 | Tiny Great Hall |
| 27:27 | Boots of Speed |
| 27:27 | Boots of Speed |
| 31:41 | Divine Shield |
| 34:04 | Critical Strike |
| 37:01 | Lesser Clarity Potion |
| 37:05 | Lesser Clarity Potion |
| 41:12 | Bladestorm |
| 41:57 | Lesser Clarity Potion |
| 42:00 | Lesser Clarity Potion |
| 53:54 | Lesser Clarity Potion |
| 53:58 | Lesser Clarity Potion |
| 55:30 | Troll Witch Doctor |
| 55:30 | Troll Witch Doctor |
| 65:17 | Wind Walk |
| 67:12 | Lesser Clarity Potion |
| 67:12 | Lesser Clarity Potion |
| 75:57 | Holy Light |
| 80:01 | Mechanical Critter |
| 80:02 | Mechanical Critter |
| 81:47 | Tome of Retraining |
| 81:47 | Retrain Hero |
| 81:59 | Bladestorm |
| 82:00 | Critical Strike |
| 82:00 | Critical Strike |
| 82:00 | Critical Strike |
| 83:01 | Tome of Retraining |
| 83:01 | Retrain Hero |
| 83:03 | Mirror Image |
| 83:04 | Wind Walk |
| 83:04 | Wind Walk |
| 83:05 | Critical Strike |
| 83:05 | Critical Strike |
| 83:06 | Bladestorm |
| 83:23 | Wind Walk |
| 87:50 | Boots of Speed |
| 87:50 | Boots of Speed |
| 97:35 | Shaman |
| 97:35 | Shaman |
| 97:36 | Shaman |
| 97:39 | Shaman Adept Training |
| 99:36 | Shaman Master Training |
| 113:25 | Mirror Image |
| Right click | 7040 |
| Select | 752 |
| Build/train/purchase | 269 |
| Select group | 178 |
| Use ability | 121 |
| Resource trade | 112 |
| Minimap ping | 31 |
| Chat | 24 |
| Assign group | 22 |
| Item give/drop | 7 |
| Misc. action | 2 |
| Remove unit | 1 |
| Esc | 1 |